 Dungeon Crawl Stone Soup version 0.23.1 (webtiles) character file.

Game seed: 4144439570683085684

30 PikkenKukken the Shooter (level 3, -3/28 HPs)
             Began as a Centaur Arcane Marksman on Mar 11, 2019.
             Slain by a goblin (4 damage)
             ... led by Robin
             ... on level 1 of the Dungeon.
             The game lasted 00:03:00 (1544 turns).

PikkenKukken the Shooter (Centaur Arcane Marksman)  Turns: 1544, Time: 00:03:01

Health: -3/28      AC:  5    Str: 12    XL:     3   Next: 3%
Magic:  4/4        EV:  9    Int: 12    God:
Gold:   51         SH:  0    Dex: 10    Spells: 3/4 levels left

rFire    . . .     SeeInvis .   b - +0 mace
rCold    . . .     Gourm    .   (no shield)
rNeg     . . .     Faith    .   h - +0 leather armour
rPois    .         Spirit   .   (no helmet)
rElec    .         Reflect  .   (no cloak)
rCorr    .         Harm     .   n - +0 pair of gloves
MR       .....                  (no barding)
Stlth    +.........             (no amulet)
HPRegen  0.09/turn              (no ring)
MPRegen  0.09/turn              (no ring)

@: flying, very quick
A: large, hooves 3, deformed body, speed 2, tough skin 3
a: no special abilities


You were on level 1 of the Dungeon.
You were not hungry.

You visited 1 branch of the dungeon, and saw 2 of its levels.

You collected 51 gold pieces.

Inventory:

Hand Weapons
 a - a +0 shortbow
 b - a +0 mace (weapon)
Missiles
 d - 13 arrows
Armour
 e - a +0 robe
 h - a +0 leather armour (worn)
 n - a +0 pair of gloves (worn)
Scrolls
 g - a scroll of teleportation {unknown}
 j - a scroll of identify {unknown}
 k - a scroll of magic mapping {unknown}
 m - a scroll of fear {unknown}
Potions
 i - a potion of might {unknown}
 l - a potion of curing {unknown}
Comestibles
 f - 3 rations


   Skills:
 + Level 1.5 Fighting
 * Level 3.6 Bows
 + Level 0.5 Armour
 + Level 1.6 Dodging
 - Level 1.0 Spellcasting
 - Level 2.6 Hexes


You had 3 spell levels left.
You knew the following spells:

 Your Spells              Type           Power        Failure   Level  Hunger
a - Corona                Hex            #......      13%         1    ##.....

Your spell library contained the following spells:

 Spells                   Type           Power        Failure   Level  Hunger
 Slow                     Hex            #.......     19%         2    ###....
 Inner Flame              Hex/Fire       #.......     54%         3    ####...
 Portal Projectile        Hex/Tloc       #.....       54%         3    ####...
 Cause Fear               Hex            #.........   77%         4    #####..
 Leda's Liquefaction      Hex/Erth       #.........   91%         4    #####..


Dungeon Overview and Level Annotations

Branches:
Dungeon (2/15)

Altars:

Annotations:
D:1 Robin


Innate Abilities, Weirdness & Mutations

You have hooves in place of feet.
Armour fits poorly on your strangely shaped body.
You cover ground very quickly.
You have extremely tough skin. (AC +3)


Message History

The goblin hits you. Robin closely misses you.
You hit Robin.
Robin is moderately wounded.
Robin hits you with a +3 spear of flaming.
Robin burns you. The goblin hits you.
You completely miss Robin.
Robin is moderately wounded.
Robin hits you with a +3 spear of flaming.
* * * LOW HITPOINT WARNING * * *
Robin burns you.
* * * LOW HITPOINT WARNING * * *
The goblin hits you.
* * * LOW HITPOINT WARNING * * *
Robin flexes a bicep menacingly.
Robin barely misses you.
It was a potion of flight.
You feel very buoyant.
You fly up into the air.
The goblin hits you.
You die... ,**,*,,,******,....,,* *,* ,,,,,,,,,,,,,,,,.....* *,* ,,,,,,*,******,,,...,* *** ,,,,***,* ****#.#** **,,***,* ########.############## ,*,,,,,,* #.........PPPPPPPPPPPPP

,*,*,,,**
#.............รท..<.(...
,*,*,*,**##.........PPPPPPPPPPPPP
,*,*,*,,,.(..((g@g.##############
,*,,,,,,,........###,,,...*
,***,*,,,##.####.#,#,**#.#*
,***,*,,,**),,,..#.#.* #.#
,,,*,*,,,**,**.#...#.###.########
,,,*>*,,,**,,............#....[..
,,,*,*,,,**#####.#.#.#.#.#.......
,,,*,*,,,* #.....#.#.............
,,,*,***** #.##..#.....#.#......#


You could see Robin and a goblin.

Vanquished Creatures
  An ooze (D:1)
  A leopard gecko (D:1)
  2 giant cockroaches (D:1)
  2 goblins (D:1)
  3 hobgoblins (D:1)
  2 kobolds (D:1)
  6 bats (D:1)
  2 frilled lizards (D:1)
  4 rats (D:1)
23 creatures vanquished.

Notes
Turn   | Place    | Note
-------+----------+-------------------------------------------
     0 | D:1      | PikkenKukken the Centaur Arcane Marksman began the quest
                  | for the Orb.
     0 | D:1      | Reached XP level 1. HP: 16/16 MP: 2/2
   242 | D:1      | Reached skill level 3 in Bows
   362 | D:1      | Reached XP level 2. HP: 18/23 MP: 3/3
  1172 | D:1      | Reached XP level 3. HP: 23/28 MP: 4/4
  1323 | D:2      | Noticed Robin
  1543 | D:1      | HP: 1/28 [goblin[Robin] (2)]
  1544 | D:1      | Slain by a goblin

Skill      XL: |  1 |
---------------+----+-----
Bows           | 3 |  3.6
Fighting       | |  1.5
Armour         | |  0.5
Dodging        | |  1.6
Spellcasting   | |  1.0
Hexes          | |  2.6

Action                   || total
-------------------------++-------
Melee: Club              ||    68
       Kick              ||    12
       Mace              ||    22
 Fire: Shortbow          ||    11
  Use: Potion            ||     1
  Eat: Chunk             ||     1
Armor: Robe              ||    54
       Leather armour    ||     6
Dodge: Dodged            ||    79
